 Dungeon Crawl Stone Soup version 0.29-a0-885-gb26ba3297d (webtiles) character file.

Game seed: 14568608106622623023

3396 gobodom the Magician (level 9, -7/65 HPs)
             Began as a Demonspawn Fire Elementalist on July 20, 2022.
             Was a Priest of Fedhas.
             Mangled by a two-headed ogre
             ... wielding a +0 giant club
              (28 damage)
             ... on level 8 of the Dungeon on July 21, 2022.
             The game lasted 00:33:13 (9656 turns).

gobodom the Magician (Demonspawn Fire Elementalist) Turns: 9656, Time: 00:33:15

Health: -7/65      AC:  8    Str:  7 (9)  XL:     9   Next: 75%
Magic:  13/28      EV: 12    Int: 17 (20) God:    Fedhas [***...]
Gold:   394        SH:  0    Dex: 13 (14) Spells: 18/21 levels left

rFire   + . .      SeeInvis .   q - +5 short sword "Hoxor" {flame, Fly rN+ MP+9}
rCold   x . .      Faith    .   s - orb {*channel}
rNeg    + . .      Spirit   .   a - +0 robe
rPois   .          Reflect  .   r - +2 hat
rElec   .          Harm     .   d - +0 cloak
rCorr   .          Rampage  .   f - +0 pair of gloves
Will    .....                   (no boots)
Stlth   ++........              w - amulet of regeneration
HPRegen 1.00/turn               h - ring of fire
MPRegen 0.21/turn               (no ring)

@: flying
A: thin metallic scales 1, foul stench 1, spiny 1, weakness stinger 1
a: Renounce Religion, Wall of Briars, Grow Ballistomycete


You were on level 8 of the Dungeon.
You worshipped Fedhas.
Fedhas was most pleased with you.
You visited 2 branches of the dungeon, and saw 9 of its levels.

You collected 394 gold pieces.

Inventory:

Hand Weapons
 q - the +5 short sword "Hoxor" (weapon) {flame, Fly rN+ MP+9}
   (You found it on level 8 of the Dungeon)

   It burns those it strikes, dealing additional fire damage.
   rN:        It protects you from negative energy.
   MP:        It affects your magic capacity (+9).
   Fly:       It grants you flight.
Armour
 a - a +0 robe (worn)
 d - a +0 cloak (worn)
 f - a +0 pair of gloves (worn)
 r - a +2 hat (worn)
 s - an orb of energy (worn)
Jewellery
 h - a ring of fire (left hand)
 w - an amulet of regeneration (around neck)
Wands
 l - a wand of flame (28)
 A - a wand of digging (12)
Scrolls
 c - 3 scrolls of teleportation
 g - a scroll of fog
 i - 3 scrolls of poison
 k - 3 scrolls of fear
Potions
 b - 2 potions of magic
 j - 2 potions of invisibility
 m - 2 potions of heal wounds
 n - a potion of brilliance
 o - a potion of lignification
 p - a potion of ambrosia {unknown}
 t - a potion of resistance
 u - 5 potions of attraction {unknown}
 v - 2 potions of curing {unknown}
 x - a potion of haste {unknown}


   Skills:
 * Level 3.9 Fighting
 * Level 2.2 Short Blades
 - Level 2.2 Maces & Flails
 + Level 2.7 Dodging
 + Level 3.0 Stealth
 + Level 6.8 Spellcasting
 + Level 4.4 Conjurations
 + Level 6.4 Fire Magic
 * Level 5.3 Invocations
 * Level 3.8 Evocations


You had 18 spell levels left.
You knew the following spells:

 Your Spells              Type           Power      Damage    Failure   Level
a - Foxfire               Conj/Fire      100%       2x1d9     1%          1
b - Scorch                Fire           82%        2d9       1%          2

Your spell library contained the following spells:

 Spells                   Type           Power      Damage    Failure   Level
 Conjure Flame            Conj/Fire      36%        6-21      3%          3
 Inner Flame              Hex/Fire       25%        N/A       10%         3
 Flame Wave               Conj/Fire      36%        2d9       12%         4
 Sublimation of Blood     Necr           5%         N/A       19%         2
 Gell's Gravitas          Tloc           5%         N/A       34%         3
 Teleport Other           Tloc           5%         N/A       34%         3
 Tukima's Dance           Hex            5%         N/A       34%         3
 Anguish                  Hex/Necr       2%         N/A       75%         4
 Corpse Rot               Necr/Pois/Air  5%         N/A       75%         4
 Dispel Undead            Necr           5%         3d7       75%         4
 Petrify                  Tmut/Erth      5%         N/A       75%         4
 Irradiate                Conj/Tmut      6%         3d13      78%         5
 Death Channel            Necr           2%         N/A       100%        6
 Dispersal                Tloc           2%         N/A       100%        6
 Summon Cactus Giant      Summ           2%         N/A       100%        6
 Malign Gateway           Summ/Tloc      2%         N/A       100%        7


Dungeon Overview and Level Annotations

Branches:
Dungeon (8/15)             Temple (1/1) D:5
   Lair: D:8-11

Altars:
Ashenzari
Cheibriados
Dithmenos
Fedhas
Gozag
Hepliaklqana
Makhleb
Nemelex Xobeh
Okawaru
Qazlal
Ru
Sif Muna
Trog
Uskayaw
Vehumet
Wu Jian
Xom
Yredelemnul


Innate Abilities, Weirdness & Mutations

You are partially covered in thin metallic scales. (AC +2)
You may rarely emit foul miasma when damaged in melee.
You are partially covered in sharp spines.
You have a small tail.


Message History

You kill the orc!
Fedhas appreciates your contribution to the ecosystem.
The foxfire hits the orc!
You kill the orc!
Fedhas appreciates your contribution to the ecosystem.
Your wandering mushroom disappears in a puff of smoke!
A two-headed ogre comes into view. It is wielding two +0 giant clubs.
Casting: Scorch (safe; 1% risk of failure)
Confirm with . or Enter, or press ? or * to list all spells.
You can't see any susceptible monsters within range! (Use Z to cast anyway.)
You feel a surge of power!
You conjure some foxfire!
Casting: Foxfire (safe; 1% risk of failure)
Confirm with . or Enter, or press ? or * to list all spells.
You feel a surge of power!
Flames lash the two-headed ogre.
The two-headed ogre is lightly wounded.
The two-headed ogre's fire resistance burns away.
The foxfire hits the two-headed ogre but does no damage.
The two-headed ogre is lightly wounded.
The foxfire hits the two-headed ogre.
The two-headed ogre is burned terribly!
The two-headed ogre is moderately wounded.
Casting: Scorch (safe; 1% risk of failure)
Confirm with . or Enter, or press ? or * to list all spells.
You feel a surge of power!
Flames lash the two-headed ogre.
The two-headed ogre is burned terribly!
The two-headed ogre is severely wounded.
Casting: Scorch (safe; 1% risk of failure)
Confirm with . or Enter, or press ? or * to list all spells.
You feel a surge of power!
Flames lash the two-headed ogre.
The two-headed ogre is burned terribly!
The two-headed ogre is almost dead.
The two-headed ogre misses you.
The two-headed ogre hits you with a +0 giant club!!
Casting: Scorch (safe; 1% risk of failure)
Confirm with . or Enter, or press ? or * to list all spells.
You feel a surge of power!
Flames lash the two-headed ogre.
The two-headed ogre is almost dead.
The two-headed ogre hits you with a +0 giant club!
The two-headed ogre hits you with a +0 giant club!!
You die...
Fedhas appreciates your contribution to the ecosystem.

##### #..$
##.##
##...######
##.......).
##..<....# ###
##.#[..@O#)....
#.###...)).#
##.#....###....
##.##.## ###
#†##.# #.##..
#).#.## #.P#..
#.P#.#


You could see a two-headed ogre (combustible).

Vanquished Creatures
  Sigmund (D:5)
  3 steam dragons (D:7)
  4 water moccasins
  A sky beast (D:7)
  2 ice beasts
  6 centaurs (D:7)
  2 kobold brigands (D:8)
  A necrophage (D:5)
  2 scorpions (D:5)
  9 wights
  2 howler monkeys
  A jelly (D:4)
  3 orc priests
  A hound (D:5)
  An iguana (D:7)
  Natasha (thrice) (D:4)
  7 orc wizards
  6 adders
  11 gnolls
  A white imp (D:7)
  An ufetubus (D:4)
  23 orcs
  3 ball pythons
  6 bats
  7 endoplasms
  A giant cockroach (D:1)
  5 goblins
  10 hobgoblins
  3 quokkas
  4 frilled lizards
  17 kobolds
  3 rats
150 creatures vanquished.

Vanquished Creatures (collateral kills)
  A wight (D:8)
  2 howler monkeys
  An orc (D:5)
  2 ballistomycete spores (D:8)
6 creatures vanquished.

Vanquished Creatures (others)
  462 foxfires
462 creatures vanquished.

Grand Total: 618 creatures vanquished

Notes
Turn   | Place    | Note
-------+----------+-------------------------------------------
     0 | D:1      | gobodom the Demonspawn Fire Elementalist began the quest
                  | for the Orb.
     0 | D:1      | Reached XP level 1. HP: 13/13 MP: 3/3
   299 | D:1      | Gained mutation: You are partially covered in thin metallic
                  | scales. (AC +2) [demonic ancestry]
   299 | D:1      | Reached XP level 2. HP: 19/19 MP: 0/5
   865 | D:1      | Found a faded altar of an unknown god.
   869 | D:1      | Prayed at the altar of an unknown god.
   869 | D:1      | Became a worshipper of Fedhas Madash
   869 | D:1      | Reached * piety under Fedhas
  1306 | D:1      | Reached XP level 3. HP: 24/24 MP: 4/6
  1428 | D:1      | Learned a level 2 spell: Scorch
  2688 | D:3      | Gained mutation: You are partially covered in sharp spines.
                  | [demonic ancestry]
  2688 | D:3      | Reached XP level 4. HP: 30/30 MP: 4/8
  2775 | D:3      | Reached ** piety under Fedhas
  3208 | D:3      | Reached skill level 1 in Invocations
  3208 | D:3      | Gained mutation: You have a small tail. [demonic ancestry]
  3208 | D:3      | Reached XP level 5. HP: 22/35 MP: 1/9
  3988 | D:3      | Reached skill level 1 in Short Blades
  4411 | D:4      | Reached XP level 6. HP: 15/42 MP: 5/11
  5116 | D:4      | Noticed Natasha
  5122 | D:4      | Killed Natasha
  5179 | D:4      | Noticed Natasha
  5188 | D:4      | Killed Natasha
  5400 | D:4      | Noticed Natasha
  5406 | D:4      | Killed Natasha
  5448 | D:5      | Entered Level 5 of the Dungeon
  5600 | D:5      | Reached XP level 7. HP: 47/47 MP: 5/13
  5685 | D:5      | Reached *** piety under Fedhas
  5757 | D:5      | Noticed Sigmund
  5768 | D:5      | Killed Sigmund
  6020 | D:5      | Got Areaz's Atlas of Shifting Ensorcelling
  6281 | D:5      | Reached skill level 5 in Spellcasting
  6379 | D:5      | Found a staircase to the Ecumenical Temple.
  6385 | D:5      | Reached skill level 1 in Fighting
  6385 | D:5      | Reached skill level 5 in Invocations
  6385 | D:5      | Reached XP level 8. HP: 48/54 MP: 4/15
  6390 | Temple   | Entered the Ecumenical Temple
  6390 | Temple   | Found a transporter.
  6390 | Temple   | Found a transporter.
  6460 | Temple   | Found a transporter.
  6460 | Temple   | Found a transporter.
  6829 | D:6      | Reached skill level 1 in Maces & Flails
  6921 | D:6      | Reached skill level 5 in Fire Magic
  6921 | D:6      | Reached skill level 1 in Evocations
  7108 | D:6      | Found a stormy altar of Qazlal.
  7900 | D:7      | Gained mutation: You may rarely emit foul miasma when
                  | damaged in melee. [demonic ancestry]
  7900 | D:7      | Reached XP level 9. HP: 62/62 MP: 4/18
  9274 | D:8      | Identified the +5 short sword "Hoxor" {flame, Fly rN+ MP+9}
  9329 | D:8      | Reached **** piety under Fedhas
  9651 | D:8      | Noticed a two-headed ogre
  9656 | D:8      | Mangled by a two-headed ogre

Illustrated notes

Levels and vault maps discovered:
D:1:      shiori_arrival_elements, layout_basic,
          hellmonk_ecumenical_altar_heavens_door
D:2:      layout_loops_ring, chequers_decorated_corner,
          minmay_misc_feat_diagonals
D:3:      layout_basic, gup_sewer_entry_bowl, chequers_serial_rivers_small_a
D:4:      layout_loops_cross, uniq_natasha
D:5:      layout_loops_cross, minmay_temple_entry_fiery,
          chequers_serial_rivers_room_b, minivault_19, uniq_sigmund
D:6:      layout_loops_ring, mainiacjoe_overflow_divided_tiny
D:7:      layout_loops_ring, centaur_isle
D:8:      layout_loops_ring, kennysheep_generic_room_11
Temple:   hellmonk_temple_divided_pantheon

Skill      XL: |  1  2  3  4  5  6  7  8  9 |
---------------+----------------------------+-----
Fire Magic     | 3 4 5 6 |  6.4
Dodging        | 2 |  2.7
Stealth        | 2 3 |  3.0
Spellcasting   | 3 4 5 6 |  6.8
Conjurations   | 2 3 4 |  4.4
Invocations    | 1 2 3 5 |  5.3
Short Blades   | 1 2 |  2.2
Fighting       | 1 2 3 |  3.9
Maces & Flails | 1 2 |  2.2
Evocations     | 2 3 |  3.8

Action                   |  1- 3 |  4- 6 |  7- 9 || total
-------------------------+-------+-------+-------++-------
Melee: Unarmed           |     3 |       |       ||     3
       Dagger            |    68 |       |       ||    68
       Short sword       |     8 |    60 |    15 ||    83
       Punch             |     1 |       |       ||     1
       Tailslap          |       |     8 |     4 ||    12
       Flail             |       |     6 |    36 ||    42
 Cast: Foxfire           |    89 |    78 |   115 ||   282
       Scorch            |     3 |     9 |    57 ||    69
Invok: Wall of Briars    |       |       |     3 ||     3
       Grow Ballistomyce |       |       |     1 ||     1
       Overgrow          |       |       |     1 ||     1
  Use: Scroll            |       |     9 |     7 ||    16
       Potion            |       |     1 |     2 ||     3
 Stab: Sleeping          |     1 |     2 |       ||     3
Armor: Robe              |    20 |    16 |    21 ||    57
Dodge: Dodged            |    31 |    32 |    60 ||   123

Table legend: (Time is in decaauts)
 A = Elapsed time spent in this place.
 B = Non-inter-level travel time spent in this place.
 C = Inter-level travel time spent in this place.
 D = Time resting spent in this place.
 E = Time spent auto-exploring this place.
 F = Levels seen in this place.
 G = Mean time per level.
                   A        B        C        D        E       F      G
               +--------+--------+--------+--------+--------+-----+--------+
         Total |   9640 |   9030 |    610 |    607 |   6939 |   9 | 1071.1 |
       Dungeon |   9528 |   8918 |    610 |    607 |   6869 |   8 | 1191.0 |
        Temple |    112 |    112 |      0 |      0 |     70 |   1 |  112.0 |
               +--------+--------+--------+--------+--------+-----+--------+

Top non-repeatable levels by time:
     D:7: 1667 daAuts
     D:1: 1615 daAuts
     D:3: 1541 daAuts
     D:4: 1217 daAuts
     D:5: 1195 daAuts
     D:2: 1040 daAuts
     D:6: 739 daAuts
     D:8: 510 daAuts
  Temple: 112 daAuts
